 Dungeon Crawl Stone Soup version 0.30.1-11-g7821555f0a (webtiles) character file.

Game seed: 17880235773638175777

27 safid the Chiller (level 3, -3/26 HPs)
             Began as a Merfolk Ice Elementalist on Nov 14, 2023.
             Slain by a gnoll
             ... wielding a +0 halberd
              (7 damage)
             ... on level 2 of the Dungeon.
             The game lasted 00:01:32 (1007 turns).

safid the Chiller (Merfolk Ice Elementalist)        Turns: 1007, Time: 00:01:32

Health: -3/26      AC:  2    Str:  8    XL:     3   Next: 10%
Magic:  3/6        EV: 12    Int: 16    God:
Gold:   39         SH:  0    Dex: 14    Spells: 2/6 levels left

rFire   . . .        e - +0 dagger
rCold   . . .        (no shield)
rNeg    . . .        a - +0 robe
rPois   .            (no helmet)
rElec   .            (no cloak)
rCorr   .            (no gloves)
SInv    .            (no boots)
Will    .....        (no amulet)
Stlth   ++           (no ring)
HPRegen 0.24/turn    (no ring)
MPRegen 0.10/turn

%: no passive effects
@: freezing walls
A: (nimble swimmer 2), mertail
a: no special abilities


You were on level 2 of the Dungeon.
You visited 1 branch of the dungeon, and saw 2 of its levels.

You collected 39 gold pieces.

Inventory:

Hand Weapons
 e - a +0 dagger (weapon)
Armour
 a - a +0 robe (worn)
Scrolls
 d - a scroll of vulnerability {unknown}
 g - a scroll of blinking {unknown}
 k - a scroll of magic mapping {unknown}
Potions
 c - 3 potions of curing {unknown}
 f - 2 potions of lignification {unknown}
 h - 4 potions of heal wounds {unknown}
 i - 2 potions of flight {unknown}
 j - a potion of mutation {unknown}


   Skills:
 + Level 1.4 Fighting
 - Level 2.6 Dodging
 - Level 2.1 Stealth
 + Level 2.4 Spellcasting
 + Level 4.7 Ice Magic


You had 2 spell levels left.
You knew the following spells:

 Your Spells              Type           Power      Damage    Failure   Level
a - Freeze                Ice            68%        1d8       2%          1
b - Frozen Ramparts       Ice            34%        1d6       9%          3

Your spell library contained the following spells:

 Spells                   Type           Power      Damage    Failure   Level
 Ozocubu's Armour         Ice            17%        N/A       9%          3
 Summon Ice Beast         Ice/Summ       9%         N/A       58%         4


Dungeon Overview and Level Annotations

Branches:
Dungeon (2/15)

Altars:


Innate Abilities, Weirdness & Mutations

((You are very nimble when in or above water. (Stealth+, EV+, Speed+++)))
Your lower body shifts to a powerful aquatic tail in water.


Message History

Unknown command.
Unknown command.
Unknown command.
You hit the adder.
The adder is moderately wounded.
The adder bites you. The gnoll barely misses you.
Unknown command.
You miss the adder.
The adder is moderately wounded.
The adder closely misses you.
The gnoll hits you from afar with a +0 halberd!
* * * LOW HITPOINT WARNING * * *
Unknown command.
Casting: Frozen Ramparts (quite dangerous; 9% risk of failure)
Confirm with . or Enter, or press ? or * to list all spells.
You don't have enough magic to cast this spell.
Magic courses through your body. The adder closely misses you.
The gnoll barely misses you.
Casting: Frozen Ramparts (quite dangerous; 9% risk of failure)
Confirm with . or Enter, or press ? or * to list all spells.
The spell is quite dangerous to miscast (9% risk of failure)!
Continue anyway? [Y]es or [N]o only, please.
The spell is quite dangerous to miscast (9% risk of failure)!
Continue anyway?
Okay, then.
Casting: Frozen Ramparts (quite dangerous; 9% risk of failure)
Confirm with . or Enter, or press ? or * to list all spells.
The spell is quite dangerous to miscast (9% risk of failure)!
Continue anyway? [Y]es or [N]o only, please.
The spell is quite dangerous to miscast (9% risk of failure)!
Continue anyway?
Casting: Frozen Ramparts (quite dangerous; 9% risk of failure)
Press: ? - help, Dir - look around, f - activate The walls around you are covered in ice.
A bat comes into view.
The wall freezes the adder.
The adder closely misses you.
The wall freezes the adder.
The adder seems to slow down.
The adder closely misses you.
The wall freezes the gnoll but does no damage.
The wall freezes the gnoll.
The gnoll hits you from afar with a +0 halberd!
You die...

######
.....###########.#
.....#.........#.#
.....#.........#.#
.....#.........#.#
.....#.........#.#
...............#.#
.#####.........#.#
.# #.........#@#
.#####.........#S#
.....#.........#g#
...#.#.........#g#
...#.###.#######g#
# ...#.#
#...####.g#.#
...#.#
###.##.#.#.#.#.
...#.#
#.#...........
...#.#
#.##.#.#.#.#.#


You could see 4 gnolls and an adder (slow).

Vanquished Creatures
  A worm (D:2)
  4 endoplasms (D:1)
  A giant cockroach (D:1)
  3 goblins (D:1)
  5 hobgoblins (D:1)
  2 ball pythons (D:1)
  5 bats (D:1)
  A frilled lizard (D:1)
  A kobold (D:2)
23 creatures vanquished.

Notes
Turn   | Place    | Note
-------+----------+-------------------------------------------
     0 | D:1      | safid the Merfolk Ice Elementalist began the quest for the
                  | Orb.
     0 | D:1      | Reached XP level 1. HP: 13/13 MP: 3/3
   158 | D:1      | Reached XP level 2. HP: 14/20 MP: 3/5
   160 | D:1      | Reached skill level 1 in Fighting
   836 | D:2      | Reached XP level 3. HP: 26/26 MP: 4/6
   917 | D:2      | Learned a level 3 spell: Frozen Ramparts
  1007 | D:2      | Slain by a gnoll

Illustrated notes

Levels and vault maps discovered:
D:1:      saegor_arrival_simple_a, layout_basic
D:2:      layout_basic, serial_shops, nicolae_shop_back_alley_shop,
          kennysheep_small_spiral, st_stairs_11, minmay_octomino_j4,
          uniq_sigmund, uniq_crazy_yiuf_cottage

Skill      XL: |  1  2 |
---------------+-------+-----
Fighting       | 1 |  1.4
Dodging        | |  2.6
Stealth        | |  2.1
Spellcasting   | |  2.4
Ice Magic      | |  4.7

Action                     || total
---------------------------++-------
  Melee: Unarmed           ||     9
         Club              ||     9
         Dagger            ||    43
         Punch             ||     1
   Cast: Freeze            ||    21
         Frozen Ramparts   ||     1
    Use: Potion            ||     1
 Armour: Robe              ||    19
  Dodge: Dodged            ||    78
